 Dungeon Crawl Stone Soup version 0.28.0-45-g0d030f2227 (webtiles) character file.

Game seed: 7788676700776240247

301 101zpm the Magician (level 6, -1/41 HPs)
             Began as a Djinni Ice Elementalist on Apr 12, 2022.
             Slain by a water moccasin skeleton (3 damage)
             ... on level 4 of the Dungeon.
             The game lasted 00:11:04 (5232 turns).

101zpm the Magician (Djinni Ice Elementalist)       Turns: 5232, Time: 00:11:04

Health: -1/41      AC:  2    Str:  7    XL:     6   Next: 64%
Gold:   165        EV: 13    Int: 18    God:
                   SH:  0    Dex: 14

rFire   + + .      SeeInvis .   t - +1 dagger (freeze)
rCold   x . .      Faith    .   (no shield)
rNeg    . . .      Spirit   .   a - +0 robe
rPois   ∞          Reflect  .   (no helmet)
rElec   .          Harm     .   (no cloak)
rCorr   .          Rampage  .   (no gloves)
Will    .....                   (boots unavailable)
Stlth   ++........              (no amulet)
HPRegen 0.13/turn               (no ring)
MPRegen 0.00/turn               (no ring)

@: flying
A: sickness immunity, fire resistance 2, cold vulnerability 1, float, innate
caster, HP casting, extra vitality 1
a: no special abilities


You were on level 4 of the Dungeon.
You visited 1 branch of the dungeon, and saw 4 of its levels.

You collected 165 gold pieces.

Inventory:

Hand Weapons
 t - a +1 dagger of freezing (weapon)
Missiles
 f - a throwing net
 h - 20 bolts
 i - 3 poisoned darts
 j - 67 stones
 k - 27 arrows
 s - 2 boomerangs
Armour
 a - a +0 robe (worn)
Scrolls
 b - a scroll of enchant weapon {unknown}
 c - a scroll of torment {unknown}
 d - a scroll of holy word {unknown}
 e - 2 scrolls of magic mapping {unknown}
 o - a scroll of fog {unknown}
 q - a scroll of enchant armour {unknown}
Potions
 g - a potion of brilliance {unknown}
 l - a potion of flight {unknown}
 m - a potion of mutation {unknown}
 n - a potion of ambrosia {unknown}
 p - 2 potions of resistance {unknown}
 r - a potion of might {unknown}


   Skills:
 + Level 0.3 Fighting
 + Level 3.1 Dodging
 + Level 2.3 Stealth
 + Level 0.3 Unarmed Combat
 + Level 5.3 Spellcasting


You had one spell level left.
You knew the following spells:

 Your Spells              Type           Power      Damage    Failure   Level
a - Freeze                Ice            92%        1d10      1%          1
b - Frozen Ramparts       Ice            46%        1d6       4%          3
c - Ozocubu's Armour      Ice            23%        N/A       4%          3
d - Hailstorm             Conj/Ice       23%        3d7       14%         4
e - Animate Skeleton      Necr           46%        N/A       1%          1
f - Passwall              Tmut/Erth      19%        N/A       2%          2
Your spell library was empty.

Dungeon Overview and Level Annotations

Branches:
Dungeon (4/15)
 Temple: D:4-7

Altars:
Xom


Innate Abilities, Weirdness & Mutations

You are immune to sickness and miasma.
You are immune to poison.
Your flesh is very heat resistant. (rF++)
You are vulnerable to cold. (rC-)
You float through the air rather than walking.
You learn spells naturally, not from books.
Your magical power is your life essence.
You have superior vitality. (+4 MHP)


Message History

* * * LOW HITPOINT WARNING * * *
The water moccasin skeleton resists.
The wall freezes the water moccasin skeleton.
The water moccasin skeleton closely misses you.
The water moccasin skeleton resists.
The wall freezes the water moccasin skeleton.
The water moccasin skeleton bites you but does no damage.
The water moccasin skeleton resists.
The wall freezes the water moccasin skeleton.
The water moccasin skeleton barely misses you.
The water moccasin skeleton completely resists.
The wall freezes the water moccasin skeleton but does no damage.
The water moccasin skeleton bites you but does no damage.
The water moccasin skeleton completely resists.
The wall freezes the water moccasin skeleton but does no damage.
The water moccasin skeleton bites you.
* * * LOW HITPOINT WARNING * * *
The water moccasin skeleton completely resists.
The wall freezes the water moccasin skeleton but does no damage.
The water moccasin skeleton bites you but does no damage.
The water moccasin skeleton completely resists.
The wall freezes the water moccasin skeleton but does no damage.
The water moccasin skeleton barely misses you.
The water moccasin skeleton completely resists.
The wall freezes the water moccasin skeleton but does no damage.
The water moccasin skeleton closely misses you.
The water moccasin skeleton completely resists.
The wall freezes the water moccasin skeleton but does no damage.
The water moccasin skeleton closely misses you.
The frozen ramparts melt away.
The water moccasin skeleton bites you but does no damage.
Your icy armour will break if you move.
Continue?
Your icy armour cracks and falls away as you move.
The water moccasin skeleton bites you.
* * * LOW HITPOINT WARNING * * *
Casting: Freeze (safe; 1% risk of failure)
Confirm with . or Enter, or press ? or * to list all spells.
Okay, then.
The water moccasin skeleton bites you.
You die...

.........)###.Z..#
#........[...###.#
#........<.#.# #.#
#........#.#.# #.#
#..........#.###.#
#................#
##.............#.#
########.#......#
#@#......#
#Z#....#.#
#.#....###
#.###### #.#
##+###.#######
#............#
#......).....#
#............#


You could see a water moccasin skeleton.

Vanquished Creatures
  A black bear (D:2)
  An orc priest (D:3)
  An orc wizard (D:4)
  4 gnolls (D:2)
  4 adders
  3 dart slugs
  6 orcs
  2 ball pythons
  11 bats
  9 endoplasms
  A giant cockroach (D:1)
  4 goblins
  3 hobgoblins
  10 jackals
  4 frilled lizards
  8 kobolds
  4 rats
76 creatures vanquished.

Notes
Turn   | Place    | Note
-------+----------+-------------------------------------------
     0 | D:1      | 101zpm the Djinni Ice Elementalist began the quest for the
                  | Orb.
     0 | D:1      | Reached XP level 1. HP: 15/15 MP: 0/0
   450 | D:1      | Reached XP level 2. HP: 11/21 MP: 0/0
   909 | D:1      | Reached XP level 3. HP: 14/25 MP: 0/0
   909 | D:1      | Learned a level 1 spell: Animate Skeleton
  1510 | D:1      | Reached skill level 4 in Spellcasting
  1558 | D:1      | Found a faded altar of an unknown god.
  2457 | D:2      | Reached XP level 4. HP: 27/31 MP: 0/0
  2518 | D:2      | Noticed a black bear
  2530 | D:2      | Killed a black bear
  2531 | D:2      | Reached XP level 5. HP: 16/35 MP: 0/0
  2531 | D:2      | Learned a level 2 spell: Passwall
  3111 | D:2      | Reached skill level 5 in Spellcasting
  3114 | D:2      | Reached XP level 6. HP: 25/41 MP: 0/0
  4279 | D:3      | Found a shimmering altar of Xom.
  5228 | D:4      | HP: 2/41 [water moccasin skeleton (6)]
  5232 | D:4      | Slain by a water moccasin skeleton

Illustrated notes

Levels and vault maps discovered:
D:1:      giann_horns, layout_basic, ebering_ecumenical_altar_rust
D:2:      layout_basic
D:3:      layout_loops_cross, mainiacjoe_overflow_alcove_2
D:4:      layout_basic, kennysheep_little_box, minmay_temple_entry_glassed_door,
          uniq_crazy_yiuf_cottage

Skill      XL: |  1  2  3  4  5  6 |
---------------+-------------------+-----
Spellcasting   | 4 5 |  5.3
Stealth        | 2 |  2.3
Dodging        | 3 |  3.1
Fighting       | |  0.3
Unarmed Combat | |  0.3

Action                   |  1- 3 |  4- 6 || total
-------------------------+-------+-------++-------
Melee: Dagger            |       |     3 ||     3
       Unarmed           |       |     2 ||     2
 Cast: Freeze            |    51 |    67 ||   118
       Frozen Ramparts   |       |     7 ||     7
       Ozocubu's Armour  |       |     3 ||     3
       Animate Skeleton  |       |     1 ||     1
Armor: Robe              |     7 |    16 ||    23
Dodge: Dodged            |    23 |    54 ||    77
